 Dungeon Sprint DCSS version 0.27.1-3-gb3d3a73c9e (webtiles) character file.

Game seed: 6334109824919538851

2900000 raph the Axe Maniac (level 21, 0/183 HPs)
             Began as a Djinni Hedge Wizard on Oct 17, 2021.
             Was a High Priest of Makhleb.
             Slain by a destroyer (84 damage)
             ... in the Dungeon (Sprint VIII: "Arena of Blood").
             The game lasted 00:01:55 (29 turns).

raph the Axe Maniac (Djinni Hedge Wizard)             Turns: 29, Time: 00:01:55

Health: 0/183      AC:  2    Str:  9    XL:     21   Next: 1%
Gold:   0          EV: 36    Int: 16    God:    Makhleb [*****.] SH:  0 Dex: 23

rFire    + + .     SeeInvis .   i - +∞ Axe of Woe
rCold    x . .     Faith    .   (shield currently unavailable)
rNeg     . . .     Spirit   .   b - +0 robe
rPois    ∞         Reflect  .   c - +0 hat
rElec    .         Harm     .   (no cloak)
rCorr    .         Rampage  .   (no gloves)
Will     ++...     NoTele   +   (boots unavailable)
Stlth    ++........             (no amulet)
HPRegen  0.40/turn              (no ring)
MPRegen  0.00/turn              (no ring)

@: unable to drink, flying
A: no potions, sickness immunity, fire resistance 2, cold vulnerability 1,
float, innate caster, hp casting, extra vitality 1
a: Renounce Religion, Minor Destruction, Lesser Servant of Makhleb, Major
Destruction, Greater Servant of Makhleb


You were in the Dungeon.
You worshipped Makhleb.
Makhleb was extremely pleased with you.
You visited 1 branch

Inventory:

Hand Weapons
 a - a +0 dagger
 i - the +∞ Axe of Woe (weapon)
   (You found it in the Dungeon)
Armour
 b - a +0 robe (worn)
 c - a +0 hat (worn)
Scrolls
 h - a scroll of blinking
Potions
 d - a potion of curing
 e - a potion of heal wounds
 f - a potion of haste
 g - a potion of berserk rage


   Skills:
 * Level 25.6 Fighting
 O Level 27 Axes
 O Level 27 Dodging
 - Level 1.5 Stealth
 O Level 27 Spellcasting
 * Level 24.7 Invocations


You had 17 spell levels left.
You knew the following spells:

 Your Spells              Type           Power      Damage    Failure   Level
a - Magic Dart            Conj           100%       1d8       0%          1
b - Blink                 Tloc           N/A        N/A       0%          2
c - Call Imp              Summ           82%        N/A       0%          2
d - Slow                  Hex            82%        N/A       0%          2
e - Conjure Flame         Conj/Fire      82%        6-21      0%          3
f - Mephitic Cloud        Conj/Pois/Air  82%        N/A       0%          3
g - Corona                Hex            91%        N/A       0%          1
h - Wereblood             Tmut           82%        N/A       0%          2
i - Poisonous Vapours     Pois/Air       100%       N/A       0%          2
j - Inner Flame           Hex/Fire       82%        N/A       0%          3
k - Summon Mana Viper     Hex/Summ       82%        N/A       0%          5
l - Metabolic Englaciati  Hex/Ice        41%        N/A       0%          5
m - Invisibility          Hex            41%        N/A       0%          6
n - Conjure Ball Lightni  Conj/Air       41%        3x3d13    0%          6
o - Orb of Destruction    Conj           41%        9d14      1%          7
p - Ozocubu's Refrigerat  Ice            41%        4d13      1%          7
Your spell library was empty.

Dungeon Overview and Level Annotations

Branches:
Dungeon (1/1)

Altars:
Makhleb


Innate Abilities, Weirdness & Mutations

You cannot drink.
You are immune to sickness and miasma.
You are immune to poison.
Your flesh is very heat resistant. (rF++)
You are vulnerable to cold. (rC-)
You float through the air rather than walking.
You learn spells naturally, not from books.
Your magical power is your life essence.
You have superior vitality. (+4 HP)


Message History

You hear a shout! x7
The large bag of meat is engulfed in blazing flames.
A meat berserker comes into view. It is wielding a +9 battleaxe.
You hear a shout! x3
The meat berserker is engulfed in blazing flames.
The meat berserker hits you with a +9 battleaxe!!!!
You hear a shout! x3
You hear a shout! x6
The meat berserker is engulfed in blazing flames.
You hear a shout!
There is a burning altar of Makhleb, spattered with blood here.
Items here: )))))) ====== †††. 2 orcs and a vampire knight come into view.
The destroyer is wielding a +9 vorpal great sword.
The eight-headed meat hydra appears out of thin air!
An eight-headed meat hydra comes into view.
The bag of meat shouts! x2; The destroyer shouts!
The eight-headed meat hydra roars!
You hear a shout!
A bag of meat comes into view. It is wielding a +9 war axe.
The meat berserker is engulfed in blazing flames.
You hear a shout! x3
The meat berserker completely misses you.
You hear a shout! x3
The bag of meat moves out of view.
Casting: Ozocubu's Refrigeration (safe; 1% risk of failure)
Confirm with . or Enter, or press ? or * to list all spells.
You blink. 4 orcs, an ogre and 2 two-headed ogres come into view.
The bag of meat shouts! x3; The meat berserker shouts!
The large bag of meat shouts in stereo! x2
The sculptor of flesh appears out of thin air!
A sculptor of flesh comes into view. It is wielding a +9 great sword.
You hear a shout! x4
The meat berserker is engulfed in blazing flames.
You hear a shout!
The meat berserker is engulfed in blazing flames.
You hear a shout!
A bag of meat comes into view. It is wielding a +9 war axe.
The destroyer hits you with a +9 vorpal great sword!!!!
You die...

. #.....# .....
.....#_.<._#......
.....#.O)).#......
...D...O_.).......
.......###§§......
...###..O.O)§###...
... #.o.oO§☼# .
.....#ooO.O..#.
......V@oO.....
.....ooo.......
...............
.........o....##
....#..o..O..#.
....z........#
...##.#.oO.oO.o ..
...........


You could see an eight-headed meat hydra, a destroyer, a sculptor of flesh
(wandering), 5 large bags of meat, 6 meat berserkers and 13 bags of meat.

Vanquished Creatures
  4 ogres (D)
  A two-headed ogre (D)
  12 orcs (D)
17 creatures vanquished.

Notes
Turn   | Place    | Note
-------+----------+-------------------------------------------
     0 | D        | Found the +∞ Axe of Woe
     0 | D        | raph the Djinni Hedge Wizard began the quest for the Orb.
     0 | D        | Reached XP level 1. HP: 15/15 MP: 0/0
     1 | D        | Noticed a bag of meat
     3 | D        | Became a worshipper of Makhleb the Destroyer
     3 | D        | Noticed a bag of meat
     3 | D        | Noticed a bag of meat
     4 | D        | Noticed a bag of meat
     5 | D        | Noticed a bag of meat
     5 | D        | Noticed a bag of meat
     5 | D        | Noticed a bag of meat
     5 | D        | Noticed a bag of meat
     5 | D        | Noticed a bag of meat
     6 | D        | Noticed a meat berserker
     6 | D        | Noticed a meat berserker
     6 | D        | Noticed a bag of meat
     7 | D        | Killed a bag of meat
     7 | D        | Noticed a bag of meat
     8 | D        | Reached skill level 15 in Spellcasting
     8 | D        | Reached XP level 2. HP: 21/21 MP: 0/0
     8 | D        | Reached XP level 3. HP: 25/25 MP: 0/0
     8 | D        | Learned a level 1 spell: Corona
     8 | D        | Reached XP level 4. HP: 31/31 MP: 0/0
     8 | D        | Reached XP level 5. HP: 35/35 MP: 0/0
     8 | D        | Learned a level 2 spell: Wereblood
     8 | D        | Reached XP level 6. HP: 40/40 MP: 0/0
     8 | D        | Reached XP level 7. HP: 45/45 MP: 0/0
     8 | D        | Learned a level 2 spell: Poisonous Vapours
     8 | D        | Reached XP level 8. HP: 50/50 MP: 0/0
     8 | D        | Reached XP level 9. HP: 55/55 MP: 0/0
     8 | D        | Learned a level 3 spell: Inner Flame
     8 | D        | Reached XP level 10. HP: 60/60 MP: 0/0
     8 | D        | Reached XP level 11. HP: 65/65 MP: 0/0
     8 | D        | Learned a level 5 spell: Summon Mana Viper
     8 | D        | Reached XP level 12. HP: 70/70 MP: 0/0
     8 | D        | Killed a meat berserker
     8 | D        | Reached * piety under Makhleb
     9 | D        | Reached XP level 13. HP: 75/75 MP: 0/0
     9 | D        | Learned a level 5 spell: Metabolic Englaciation
     9 | D        | Reached XP level 14. HP: 80/80 MP: 0/0
     9 | D        | Noticed a bag of meat
     9 | D        | Killed a meat berserker
     9 | D        | Killed a bag of meat
    10 | D        | Reached XP level 15. HP: 85/85 MP: 0/0
    10 | D        | Learned a level 6 spell: Invisibility
    10 | D        | Reached XP level 16. HP: 90/90 MP: 0/0
    10 | D        | Reached ** piety under Makhleb
    10 | D        | Noticed a meat berserker
    11 | D        | Reached *** piety under Makhleb
    12 | D        | Reached skill level 27 in Axes
    12 | D        | Reached XP level 17. HP: 94/94 MP: 0/0
    12 | D        | Learned a level 6 spell: Conjure Ball Lightning
    14 | D        | Reached skill level 27 in Spellcasting
    14 | D        | Reached skill level 10 in Dodging
    14 | D        | Reached XP level 18. HP: 115/121 MP: 0/0
    16 | D        | Reached **** piety under Makhleb
    17 | D        | Reached skill level 15 in Dodging
    17 | D        | Killed a meat berserker
    17 | D        | Noticed a meat berserker
    18 | D        | Reached XP level 19. HP: 154/154 MP: 0/0
    18 | D        | Learned a level 7 spell: Orb of Destruction
    18 | D        | Killed a meat berserker
    19 | D        | Reached XP level 20. HP: 166/166 MP: 0/0
    20 | D        | Reached ***** piety under Makhleb
    23 | D        | Noticed a large bag of meat
    23 | D        | Noticed a large bag of meat
    23 | D        | Noticed a meat berserker
    23 | D        | Noticed a meat berserker
    23 | D        | Noticed a large bag of meat
    23 | D        | Noticed a meat berserker
    24 | D        | Noticed a large bag of meat
    24 | D        | Killed a large bag of meat
    25 | D        | Reached skill level 27 in Dodging
    25 | D        | Reached XP level 21. HP: 171/183 MP: 0/0
    25 | D        | Learned a level 7 spell: Ozocubu's Refrigeration
    25 | D        | Noticed a meat berserker
    26 | D        | Noticed a meat berserker
    28 | D        | Noticed a destroyer
    28 | D        | Noticed an eight-headed meat hydra
    29 | D        | Noticed a meat berserker
    29 | D        | Noticed a large bag of meat
    29 | D        | Noticed a large bag of meat
    29 | D        | Slain by a destroyer

Illustrated notes

Levels and vault maps discovered:
D:        meatsprint

Skill      XL: |  1  2  3  4  5  6  7  8  9 10 11 12 13 14 15 16 17 18 19 20 |
---------------+-------------------------------------------------------------+-----
Axes           | 16 20 24 27 | 27.0
Spellcasting   | 15 19 22 26 27 | 27.0
Fighting       | 8 19 21 25 | 25.6
Dodging        | 10 20 23 27 | 27.0
Invocations    | 17 20 24 | 24.7
Stealth        | |  1.5

Action                   |  1- 3 |  4- 6 |  7- 9 | 10-12 | 13-15 | 16-18 | 19-21 || total
-------------------------+-------+-------+-------+-------+-------+-------+-------++-------
Melee: Executioner's axe |     1 |       |       |     1 |     1 |     6 |     4 ||    13
 Cast: Metabolic Englaci |       |       |       |       |       |     2 |       ||     2
       Blink             |       |       |       |       |       |       |     1 ||     1
       Ozocubu's Refrige |       |       |       |       |       |       |     1 ||     1
Dodge: Dodged            |       |       |       |       |       |       |     1 ||     1
